Map: Solaris LE

Players

Spirit (souL)

  • Race: Terran Terran
  • Spawn Location: 1:00

ONSYDESolar (Solar) - Winner!

  • Race: Zerg Zerg
  • Spawn Location: 7:00

VOD

Have the link to the VOD?

Description

Time

  • Played on: Nov. 29, 2023, 6:12 a.m.
  • Length: 11:56
Show
View Real Time Build Order
Export as new Build Order

Spirit Terran 

Build Orders: Command Center First 

Get SALT Encoding   

  12  0:00  SCV  
  13  0:12  SCV  
  14  0:17  Supply Depot  
  14  0:25  SCV  
  15  0:38  SCV  
  16  0:50  SCV  
  17  1:01  Command Center  
  17  1:03  SCV  
  18  1:13  Barracks  
  18  1:16  SCV  
  19  1:22  Refinery  
  19  1:28  SCV  
  20  1:35  Barracks  
  20  1:40  SCV  
  20  1:45  Refinery  
  21  1:52  SCV  
  22  2:00  Marine  
  23  2:05  Orbital Command  
  23  2:12  Orbital Command  
  23  2:20  Marine  
  23  2:22  Marine  
  25  2:27  Factory  
  25  2:31  SCV  
  26  2:39  SCV  
  26  2:40  Barracks Reactor  
  26  2:43  Barracks Tech Lab, SCV  
  28  2:51  SCV  
  28  2:55  SCV  
  28  2:56  Supply Depot  
  30  3:03  SCV  
  30  3:04  Stimpack  
  31  3:07  SCV  
  31  3:08  Marine  
  33  3:15  SCV  
  33  3:17  Marine x2  
  33  3:19  SCV  
  37  3:24  Command Center  
  37  3:27  SCV  
  37  3:31  Starport  
  37  3:33  Factory Reactor  
  38  3:35  SCV  
  38  3:37  Marine  
  38  3:40  SCV  
  41  3:42  Marine  
  41  3:46  Marine  
  41  3:47  Supply Depot, SCV  
  44  3:52  SCV  
  44  3:53  Supply Depot  
  45  3:58  Marine  
  46  4:08  Marine x2  
  46  4:09  SCV x2  
  50  4:15  Refinery  
  50  4:16  Marine, Medivac, Refinery, Factory Tech Lab  
  53  4:19  Medivac  
  53  4:21  SCV x2  
  53  4:23  Supply Depot  
  57  4:28  Marine  
  58  4:31  Marine  
  58  4:33  SCV x2  
  58  4:34  Marine  
  62  4:38  Orbital Command  
  62  4:42  Siege Tank  
  62  4:45  SCV  
  66  4:46  Supply Depot, Marine  
  66  4:47  SCV  
  66  4:49  Combat Shield, Marine  
  69  4:54  Marine  
  69  4:57  SCV  
  71  5:00  Orbital Command  
  71  5:02  SCV  
  71  5:04  Marine  
  73  5:07  Marine  
  73  5:09  Supply Depot, SCV  
  73  5:12  Marine  
  79  5:14  Siege Tank  
  79  5:15  Engineering Bay  
  79  5:17  Engineering Bay  
  79  5:18  SCV  
  80  5:21  Medivac  
  80  5:22  Marine  
  80  5:23  Medivac  
  80  5:24  SCV  
  86  5:28  Marine  
  86  5:29  Marine  
  86  5:32  SCV  
  86  5:33  SCV  
  90  5:36  SCV  
  90  5:39  Marine  
  90  5:41  Supply Depot  
  92  5:44  SCV  
  92  5:46  Terran Infantry Weapons Level 1, Marine, Terran Infantry Armor Level 1  
  92  5:48  Marine, Bunker  
  95  5:50  SCV  
  95  5:56  Siege Tank  
  100  5:57  Marine  
  100  6:01  Starport Reactor  
  100  6:02  SCV  
  100  6:03  Supply Depot  
  101  6:05  Supply Depot, Marine  
  101  6:07  SCV  
  101  6:09  Marine  
  104  6:11  SCV  
  104  6:16  Marine  
  106  6:22  Marine  
  107  6:25  Barracks  
  107  6:27  Marine  
  107  6:28  Barracks x2  
  108  6:33  SCV  
  108  6:34  Marine  
  101  6:43  Siege Tank, Marine, SCV  
  101  6:46  Marine  
  101  6:48  SCV x2  
  101  6:51  Supply Depot  
  101  6:52  Supply Depot, Marine  
  101  6:53  Medivac x2  
  108  6:55  SCV  
  108  6:58  Armory  
  108  7:00  Supply Depot, SCV, Marine  
  111  7:06  SCV, Marine  
  112  7:10  SCV, Marine  
  112  7:14  Sensor Tower  
  114  7:16  Barracks Reactor  
  114  7:18  Marine  
  114  7:22  Barracks Reactor  
  115  7:23  Command Center  
  115  7:24  SCV  
  115  7:26  Refinery  
  115  7:27  Siege Tank, Refinery  
  115  7:29  Marine x4  
  123  7:38  Marine  
  123  7:41  SCV  
  125  7:45  Supply Depot  
  125  7:47  Marine x4  
  125  7:48  Supply Depot, Terran Infantry Armor Level 2, Terran Infantry Weapons Level 2  
  129  7:51  Medivac  
  129  7:54  Supply Depot  
  129  7:56  SCV, Marine  
  133  8:03  Marine  
  133  8:04  Factory  
  134  8:10  Siege Tank  
  134  8:11  Marine  
  138  8:14  Marauder  
  138  8:16  Marine  
  140  8:23  Barracks  
  140  8:24  Barracks x2  
  140  8:26  Marine x6  
  145  8:27  SCV  
  145  8:29  Marine  
  145  8:34  Marine  
  147  8:35  Marine, Terran Vehicle Weapons Level 1  
  147  8:37  SCV x2  
  147  8:39  SCV  
  152  8:43  Siege Tank  
  152  8:44  Marine x2  
  152  8:46  Marine  
  152  8:47  Marine  
  158  8:49  SCV x2  
  158  8:51  Marine x3  
  158  8:53  SCV, Marauder  
  166  8:58  Supply Depot  
  166  9:00  Marine  
  166  9:01  SCV  
  166  9:02  Liberator  
  171  9:07  Liberator  
  174  9:12  Factory Tech Lab  
  174  9:15  Siege Tank, Marauder  
  174  9:19  Planetary Fortress  
  174  9:25  SCV  
  174  9:27  SCV, Sensor Tower  
  174  9:30  Barracks Tech Lab x3, Refinery  
  174  9:31  Refinery  
  176  9:33  SCV, Marine  
  176  9:36  Marauder  
  176  9:37  SCV  
  176  9:38  Supply Depot, Marine  
  182  9:39  Marine  
  182  9:42  Marine  
  184  9:46  Marine  
  184  9:47  Siege Tank  
  188  9:55  Marine  
  188  9:56  Siege Tank, Marine, Marauder  
  188  9:58  Marauder x2  
  189  10:00  Marine x2  
  189  10:02  Marine  
  189  10:07  Marine, Marauder  
  173  10:09  Marine  
  173  10:12  SCV x2  
  177  10:17  Supply Depot  
  177  10:18  Bunker  
  174  10:32  Marine x2  
  174  10:33  Marine x3  
  174  10:34  Siege Tank, Marine  
  172  10:36  Marauder  
  172  10:37  Siege Tank  
  172  10:40  Marine  
  172  10:41  Marine, Marauder x3  
  122  10:50  Marine x3  
  122  10:51  Marine x2  
  122  10:52  Marine  
  123  10:58  Marine x2, Marauder  
  123  11:02  Marine x2  
  115  11:04  Marauder  
  115  11:05  Medivac  
  115  11:06  Siege Tank  
  115  11:08  Marine x3  
  115  11:09  Siege Tank, Marine x2  
  115  11:10  Marine  
  113  11:21  Orbital Command  
  113  11:22  Supply Depot  
Show
View Real Time Build Order
Export as new Build Order

ONSYDESolar Zerg - Winner!

Build Orders: Hatch First 

Get SALT Encoding   

  12  0:00  Drone  
  13  0:12  Overlord  
  13  0:16  Drone  
  14  0:30  Drone  
  14  0:31  Drone  
  16  0:47  Hatchery  
  15  0:51  Drone  
  15  0:54  Drone  
  17  0:57  Drone  
  18  1:09  Extractor  
  17  1:13  Spawning Pool  
  17  1:15  Drone  
  17  1:19  Drone  
  18  1:28  Drone  
  19  1:39  Drone  
  20  1:55  Drone  
  20  2:00  Queen x2  
  25  2:06  Drone x2  
  27  2:13  Drone  
  27  2:14  Overlord  
  28  2:21  Hatchery  
  27  2:23  Drone  
  28  2:33  Drone x3  
  31  2:38  Queen  
  31  2:44  Metabolic Boost  
  33  2:47  Overlord  
  33  2:50  Drone  
  34  2:54  Drone x2  
  36  3:04  Overlord  
  36  3:11  Overlord  
  36  3:22  Drone x5, Queen  
  36  3:26  Drone  
  44  3:29  Queen  
  44  3:33  Queen  
  48  3:35  Drone x2  
  50  3:43  Zergling x2  
  50  3:44  Drone  
  50  3:45  Drone x4  
  56  3:50  Zergling x2  
  56  3:52  Drone, Overlord  
  58  3:55  Overlord  
  58  4:06  Overlord  
  58  4:10  Queen x2  
  58  4:12  Drone x2  
  58  4:14  Drone x2  
  58  4:16  Zergling x6  
  69  4:18  Drone x2  
  70  4:25  Lair  
  70  4:26  Drone x5  
  70  4:31  Drone x4  
  79  4:35  Extractor  
  79  4:36  Drone  
  79  4:37  Extractor  
  78  4:38  Drone  
  78  4:42  Drone x2  
  78  4:44  Overlord x2, Baneling Nest  
  80  4:47  Drone  
  80  4:48  Extractor  
  80  4:50  Spore Crawler, Queen  
  81  4:58  Overlord  
  81  5:03  Zergling x10  
  81  5:04  Zergling x6  
  81  5:06  Zergling x2  
  90  5:09  Zergling x2  
  92  5:14  Zergling x2, Evolution Chamber  
  92  5:18  Zergling x2  
  92  5:21  Evolution Chamber  
  91  5:24  Overlord  
  91  5:25  Zergling x8  
  91  5:27  Drone x3  
  98  5:31  Overlord  
  98  5:36  Centrifugal Hooks  
  98  5:37  Overlord  
  98  5:38  Overlord  
  98  5:39  Overlord  
  98  5:44  Drone  
  98  5:45  Zergling x6  
  98  5:49  Drone x2  
  104  5:51  Zerg Melee Weapons Level 1, Zerg Ground Armor Level 1  
  104  5:53  Zergling x4  
  104  5:55  Drone  
  107  5:57  Hatchery  
  107  5:58  Drone x2  
  107  5:59  Baneling x4, Extractor  
  107  6:01  Baneling  
  107  6:06  Drone  
  107  6:07  Overlord  
  107  6:08  Zergling x8  
  107  6:09  Drone  
  113  6:16  Zergling x4  
  114  6:19  Zergling x6  
  114  6:23  Baneling x9  
  115  6:27  Zergling x2  
  115  6:28  Zergling x4  
  109  6:40  Zergling x8  
  109  6:44  Hatchery  
  109  6:45  Zergling x2  
  108  6:49  Drone  
  108  6:51  Baneling x3  
  108  6:52  Drone x2  
  111  6:59  Drone x6  
  117  7:04  Hydralisk Den  
  117  7:06  Zergling x4  
  118  7:12  Zergling x2  
  119  7:16  Zergling x4  
  119  7:21  Baneling x2, Overlord  
  120  7:28  Extractor  
  120  7:29  Drone x2  
  122  7:30  Drone  
  122  7:31  Zergling x10  
  122  7:33  Grooved Spines  
  122  7:35  Zergling x2  
  128  7:39  Zergling x2  
  128  7:42  Zergling x4  
  131  7:46  Hatchery, Zerg Melee Weapons Level 2, Zerg Ground Armor Level 2  
  131  7:50  Baneling x12  
  130  7:53  Zergling x6  
  130  7:57  Zergling x4, Overlord  
  130  7:58  Zergling x2  
  136  8:00  Hydralisk x2  
  136  8:01  Zergling x2  
  136  8:02  Baneling  
  136  8:04  Drone x4  
  145  8:06  Drone  
  145  8:09  Drone  
  145  8:10  Extractor  
  145  8:11  Infestation Pit  
  142  8:20  Zergling x10  
  142  8:24  Zergling x6  
  150  8:31  Drone x2  
  152  8:37  Overlord  
  152  8:39  Overlord  
  152  8:41  Hatchery, Hydralisk  
  152  8:42  Hydralisk x5  
  161  8:52  Hydralisk x3  
  161  8:54  Overlord  
  167  8:58  Zergling x14  
  167  8:59  Hatchery, Infestation Pit  
  167  9:00  Zergling x2  
  173  9:08  Drone x6  
  179  9:16  Zergling x4  
  179  9:17  Zergling x10  
  179  9:21  Zergling x4  
  179  9:22  Baneling x6  
  181  9:25  Muscular Augments, Pneumatized Carapace  
  181  9:27  Zergling x10  
  181  9:30  Zergling x10  
  191  9:34  Zergling x2, Overlord  
  191  9:35  Zergling x4  
  194  9:40  Hive  
  186  9:47  Hydralisk  
  186  9:48  Zergling x2, Hydralisk x2  
  186  9:51  Zergling x8  
  186  9:52  Zergling x6  
  184  10:01  Zergling x12  
  184  10:02  Zergling x6  
  184  10:06  Hydralisk  
  186  10:12  Zergling x20  
  196  10:14  Baneling x5  
  196  10:15  Baneling  
  196  10:21  Baneling x15  
  196  10:23  Zergling x4  
  196  10:25  Zergling x2  
  175  10:39  Zergling x26  
  175  10:42  Zergling x12  
  170  10:46  Zergling x8  
  167  10:50  Zergling x10  
  167  10:53  Zergling x6  
  168  11:00  Viper x3  
  175  11:07  Hydralisk x3  
  175  11:08  Zergling x4  
  181  11:13  Zergling x8  
  178  11:25  Baneling x9  
  176  11:26  Baneling  
  176  11:31  Zergling x2  
  176  11:32  Zergling x8  
  177  11:37  Drone  
  177  11:38  Drone x3  
  181  11:42  Unknown  
  181  11:43  Drone x2  
  181  11:44  Drone x3  
Tags
 
Add a new tag
Caveats
  • Supply blocks, unpowered buildings, or Contaminate may cause inaccurate times.
  • Supply counts are checked every 10 seconds.